 Dungeon Crawl Stone Soup version 0.31-a0-182-gc5ef74bbde (webtiles) character file.

Game seed: 5843651971422657557

86 innerfire43 the Poker (level 4, -7/35 HPs)
             Began as a Demonspawn Monk on June 20, 2023.
             Killed from afar by an orc wizard (9 damage)
             ... with a magic dart
             ... on level 6 of the Dungeon.
             The game lasted 00:01:30 (1804 turns).

innerfire43 the Poker (Demonspawn Monk)             Turns: 1804, Time: 00:01:31

Health: -7/35      AC:  2    Str: 13    XL:     4   Next: 26%
Magic:  4/4        EV: 13    Int: 11    God:
Gold:   85         SH:  0    Dex: 16    Spells: 3/3 levels left

rFire   . . .        a - +0 spear
rCold   . . .        d - orb {light}
rNeg    . . .        b - +0 robe
rPois   .            (no helmet)
rElec   .            (no cloak)
rCorr   .            (no gloves)
SInv    .            (no boots)
Will    .....        (no amulet)
Stlth   +            (no ring)
HPRegen 0.25/turn    (no ring)
MPRegen 0.09/turn

%: no passive effects
@: confused, glowing
A: hooves 1
a: no special abilities


You were on level 6 of the Dungeon.
You visited 1 branch of the dungeon, and saw 4 of its levels.

You collected 85 gold pieces.

Inventory:

Hand Weapons
 a - a +0 spear (weapon)
Armour
 b - a +0 robe (worn)
 d - an orb of light (worn)
Wands
 k - a wand of paralysis (11)
Scrolls
 e - 3 scrolls of identify {unknown}
 f - 2 scrolls of vulnerability {unknown}
 g - 2 scrolls of revelation {unknown}
 i - a scroll of fog {unknown}
 j - 2 scrolls of teleportation {unknown}
 m - a scroll of blinking {unknown}
 n - a scroll of torment {unknown}
Potions
 c - a potion of ambrosia
 h - a potion of enlightenment {unknown}
 l - 2 potions of curing {unknown}


   Skills:
 + Level 3.3 Fighting
 * Level 4.1 Polearms
 + Level 3.2 Dodging


You had 3 spell levels left.
You didn't know any spells.
Your spell library contained the following spells:

 Spells                   Type           Power      Damage    Failure   Level
 Necrotise                Necr           0%         1d4       34%         1
 Vampiric Draining        Necr           0%         2d6       71%         3
 Agony                    Necr           0%         N/A       100%        5


Dungeon Overview and Level Annotations

Branches:
Dungeon (3/15)

Altars:

Shops:
D:1 ?


Innate Abilities, Weirdness & Mutations

You have large cloven feet.


Message History

You are too confused!
You are too confused!
You miss the orc wizard. Your kick misses the orc wizard.
The orc wizard is heavily wounded.
You hit the orc.
The orc is heavily wounded.
The orc closely misses you. The orc wizard casts a spell at you.
The puff of flame hits you.
You barely miss the orc.
The orc is heavily wounded.
The orc closely misses you. The orc wizard closely misses you.
The orc wizard attacks as you move away!
The orc wizard hits you with a +0 dagger.
You hit the orc.
You kill the orc!
You feel less confused.
The orc wizard hits you but does no damage.
The orc wizard gestures at you while chanting.
The magic dart hits you!
You see here a +0 dagger.
You hit the orc wizard. You kick the orc wizard.
The orc wizard is severely wounded.
The orc wizard points at you and mumbles some strange words.
You are confused.
The orc wizard attacks as you move away!
The orc wizard hits you with a +0 dagger.
The orc wizard barely misses you.
The orc wizard hits you with a +0 dagger.
You're too confused to move!
The orc wizard hits you with a +0 dagger.
* * * LOW HITPOINT WARNING * * *
The orc wizard casts a spell at you. The magic dart hits you!
* * * LOW HITPOINT WARNING * * *
You closely miss the orc wizard. Your kick misses the orc wizard.
The orc wizard is severely wounded.
The orc wizard points at you and mumbles some strange words.
The magic dart hits you!
You die...

#......#.......##.....#
#......#..............#
#......#..............#
#......#..............#
#......#############+##
######....# #....#
#....# #..o@# #..).#
#..).# #....# #....#
#....# #....# #....#
.....#


You could see an orc wizard.

Vanquished Creatures
  An orc priest (D:6)
  An adder (D:3)
  2 worms (D:2)
  An orc (D:6)
  2 endoplasms
  3 giant cockroaches
  5 hobgoblins
  A jackal (D:1)
  3 quokkas
  4 ball pythons (D:2)
  5 bats
  A frilled lizard (D:2)
  3 goblins
  4 kobolds
  3 rats (D:1)
39 creatures vanquished.

Vanquished Creatures (others)
  A hobgoblin (D:3)
1 creature vanquished.

Grand Total: 40 creatures vanquished

Notes
Turn   | Place    | Note
-------+----------+-------------------------------------------
     0 | D:1      | innerfire43 the Demonspawn Monk began the quest for the
                  | Orb.
     0 | D:1      | Reached XP level 1. HP: 18/18 MP: 1/1
   275 | D:1      | Found Ucrac's Magic Scroll Boutique.
   297 | D:1      | Reached skill level 3 in Polearms
   301 | D:1      | Discovered your monstrous ancestry.
   301 | D:1      | Gained mutation: You have large cloven feet. [demonic
                  | ancestry]
   301 | D:1      | Reached XP level 2. HP: 7/24 MP: 2/2
  1164 | D:2      | Reached XP level 3. HP: 28/29 MP: 3/3
  1330 | D:2      | Found a faded altar of an unknown god.
  1725 | D:3      | You fall into a shaft and drop 3 floors!
  1786 | D:6      | Reached skill level 4 in Polearms
  1786 | D:6      | Reached XP level 4. HP: 34/35 MP: 4/4
  1803 | D:6      | HP: 1/35 [orc wizard/magic dart (9)]
  1804 | D:6      | Killed from afar by an orc wizard

Illustrated notes

Levels and vault maps discovered:
D:1:      erik_arrival_cave_to_civilisation [erik_arrival_cave_to_hall],
          layout_rooms, serial_shops, shop, minmay_cut_off
D:2:      layout_loops_corners, hellmonk_ecumenical_altar_arch_garden,
          kennysheep_generic_room_8
D:3:      layout_loops_corners, serial_park_tiny_2, corexii_leaking_fountain,
          lemuel_flame_loot_1
D:6:      layout_gridville, serial_bayou_crossing, uniq_maggie

Skill      XL: |  1  2  3 |
---------------+----------+-----
Polearms       | 3 4 |  4.1
Dodging        | 3 |  3.2
Fighting       | |  3.3

Action                     |  1- 3 |  4- 6 || total
---------------------------+-------+-------++-------
  Melee: Spear             |   117 |    11 ||   128
         Kick              |    22 |     2 ||    24
 Armour: Robe              |    15 |     1 ||    16
  Dodge: Dodged            |    56 |     9 ||    65

Table legend: (Time is in decaauts)
 A = Elapsed time spent in this place.
 B = Non-inter-level travel time spent in this place.
 C = Inter-level travel time spent in this place.
 D = Time resting spent in this place.
 E = Time spent auto-exploring this place.
 F = Levels seen in this place.
 G = Mean time per level.
                   A        B        C        D        E       F      G
               +--------+--------+--------+--------+--------+-----+--------+
         Total |   1795 |   1754 |     41 |      0 |   1509 |   4 |  448.8 |
       Dungeon |   1795 |   1754 |     41 |      0 |   1509 |   4 |  448.8 |
               +--------+--------+--------+--------+--------+-----+--------+

Top non-repeatable levels by time:
     D:2: 926 daAuts
     D:1: 768 daAuts
     D:6: 77 daAuts
     D:3: 22 daAuts
